Cogmind - Beta 10.2 @@@ ROGUE MODE // 2021.06.15 @ 22:19:56 Player: Broncho Result: Destroyed by G-47 Trooper with Particle Gun Performance ------------- Evolutions (2) 1000 Regions Visited (5) 1000 Robots Destroyed (45) 225 Value Destroyed (1181) 1181 Prototype IDs (2) 40 Alien Tech Used (0) 0 Bonus (-11) -11 TOTAL SCORE: 3435 Bonus ------- Friendly Fire -11 Cogmind --------- Core Integrity 0/550 Matter 300/300 Energy 84/100 System Corruption 0% Temperature Cool (18) Movement Core (50) Location -8/Materials Parts ------- > --- POWER (1) -------- (None) > --- PROPULSION (5) --- (None) > --- UTILITY (3) ------ (None) > --- WEAPON (2) ------- (None) > --- INVENTORY (4) ---- Advanced Sensor Array Advanced Signal Interpreter System Shield System Shield Peak State ------------ > --- POWER ------------ Micro Nuclear Core > --- PROPULSION ------- Light Treads Light Treads Light Treads Light Treads Advanced Treads > --- UTILITY ---------- Medium Storage Unit Advanced Targeting Computer Advanced Targeting Computer > --- WEAPON ----------- Lightning Gun Lightning Gun > --- INVENTORY -------- High-capacity Battery Advanced Sensor Array Advanced Targeting Computer Hardened Medium Armor Plating Lightning Gun Lightning Gun Grenade Launcher Mining Laser [Rating: 28] Favorites ----------- Power Micro Nuclear Core Engine Ion Engine Power Core Micro Nuclear Core Propulsion Light Treads Treads Light Treads Leg Aluminum Leg Wheel Wheel Utility Medium Storage Unit Device Actuator Array Storage Medium Storage Unit Processor Advanced Targeting Computer Hackware Makeshift Hacking Suite Protection Hardened Medium Armor Plating Weapon Assault Rifle Energy Gun Lightning Gun Ballistic Gun Assault Rifle Launcher Grenade Launcher Impact Weapon Maul Build | -11 -10 -10 -10 -9 -8 ------- Run | Scr Mat Min Exi Min Mat Slots Evolved 4 | . . . . . 4 Power . | . . . . . . Propulsion 3 | . . . . . 3 Utility 1 | . . . . . 1 Weapon . | . . . . . . Parts Attached 54 | 4 11 . 4 6 29 Power 7 | 1 2 . 1 1 2 Engine 5 | 1 2 . 1 1 . Core 2 | . . . . . 2 Reactor . | . . . . . . Propulsion 17 | 2 2 . . 3 10 Treads 9 | . . . . . 9 Leg 3 | . . . . 3 . Wheel 5 | 2 2 . . . 1 Hover . | . . . . . . Flight . | . . . . . . Utility 10 | . . . 3 . 7 Device 2 | . . . . . 2 Storage 1 | . . . 1 . . Processor 3 | . . . 1 . 2 Hackware 2 | . . . 1 . 1 Protection 2 | . . . . . 2 Artifact . | . . . . . . Weapon 20 | 1 7 . . 2 10 Energy Gun 4 | 1 . . . . 3 Energy Cannon . | . . . . . . Ballistic Gun 9 | . 7 . . 1 1 Ballistic Cannon . | . . . . . . Launcher 2 | . . . . 1 1 Special Weapon . | . . . . . . Impact Weapon 5 | . . . . . 5 Slashing Weapon . | . . . . . . Piercing Weapon . | . . . . . . Special Melee Weapon . | . . . . . . Unidentified Prototypes . | . . . . . . Parts Lost 13 | . 1 . . 2 10 Power 1 | . . . . . 1 Propulsion 9 | . 1 . . 2 6 Utility 1 | . . . . . 1 Weapon 2 | . . . . . 2 Highest Loss Streak 7 | . 1 . . 1 7 Average Slot Usage (%) 92 | . 84 85 97 95 91 Engine 7 | . 14 14 14 14 . Core 4 | . . . . . 8 Treads 19 | . . . . . 38 Leg 2 | . . . . 23 . Wheel 11 | . 27 28 28 1 . Device 2 | . . . . . 5 Storage 11 | . 14 14 14 14 9 Processor 2 | . . . 3 . 2 Hackware 5 | . . . 8 14 3 Protection 2 | . . . . . 5 Energy Gun 4 | . 6 . . . 7 Ballistic Gun 14 | . 21 28 28 26 2 Impact Weapon 3 | . . . . . 6 Naked Turns 4 | . . . . . 4 Heaviest Build 34 | 10 11 11 17 17 34 Greatest Support 102 | 26 26 20 20 20 102 Greatest Overweight (x) 1 | . . . . 1 1 Average Overweight (x) . | . . . . . . Largest Inventory Capacity 10 | 6 6 6 10 8 8 Average Capacity 7 | 6 6 6 7 8 7 Most Carried 8 | 6 6 6 7 8 8 Average Carried 6 | 2 1 4 6 7 7 Final Capacity 8 | 6 6 6 8 8 4 Final Carried 8 | . 6 4 7 8 4 Class Distribution -------------------- 61% | Mutant 17% | Commander-Mutant 10% | Scavenger-Mutant 9% | Hacker-Mutant Dominant Class ---------------- Mutant | -10/Materials Mutant | -10/Mines Commander-Mutant | -10/Exiles Mutant | -9/Mines Mutant | -8/Materials Resources | -11 -10 -10 -10 -9 -8 ----------- Run | Scr Mat Min Exi Min Mat Matter Collected 926 | 221 140 . 64 100 401 Remotely . | . . . . . . Salvage Created 1618 | . 113 . 11 138 1356 Parts 88 | . 17 . . 12 59 Haulers Intercepted 1 | . . . . . 1 Recyclers Shooed 2 | . . . . . 2 Parts Field Recycled . | . . . . . . Retrieved Matter . | . . . . . . Parts Self-Destructed . | . . . . . . Prevented . | . . . . . . Kills | -11 -10 -10 -10 -9 -8 ------- Run | Scr Mat Min Exi Min Mat Combat Hostiles Destroyed 37 | . 8 . . 7 22 Melee 3 | . . . . . 3 Guns 21 | . 8 . . 3 10 AOE 10 | . . . . 4 6 Classes Destroyed 8 | . 1 . . 1 6 Builder 1 | . . . . . 1 Hauler 1 | . . . . . 1 Recycler 4 | . . . . . 4 Watcher 2 | . . . . . 2 Swarmer 17 | . 8 . . 4 5 Grunt 13 | . . . . 3 10 Sentry 6 | . . . . . 6 Hunter 1 | . . . . . 1 Best Kill Streak 10 | . 3 . . 4 10 Combat Bots Only 6 | . 3 . . 4 6 Max Kills in Single Turn 3 | . 2 . . 3 2 Gunslinging 1 | . 1 . . . . Exploded 3 | . . . . 3 2 Melee 1 | . . . . . 1 Uniques/NPCs Destroyed . | . . . . . . Combat | -11 -10 -10 -10 -9 -8 -------- Run | Scr Mat Min Exi Min Mat Damage Taken 3429 | . 332 . . 522 2575 Core 689 | . 51 . . 78 560 Absorbed by Shields . | . . . . . . Core Remaining (%) 74 | 100 . . . 48 . Volleys Fired 94 | . 22 . 3 14 55 Largest 2 | . 2 . 2 2 2 Hottest 110 | . 70 . 40 40 110 Shots Fired 161 | . 44 . 6 23 88 Gun 151 | . 44 . 6 18 83 Cannon . | . . . . . . Launcher 10 | . . . . 5 5 Special . | . . . . . . Kinetic 76 | . 39 . 6 18 13 Thermal 5 | . 5 . . . . Explosive 10 | . . . . 5 5 Electromagnetic 70 | . . . . . 70 Robot Hit Streak 20 | . 4 . 2 8 20 Robot Miss Streak 4 | . 4 . 1 2 3 Penetration Max . | . . . . . . Secondary Targets 5 | . 4 . . 1 . Max Gunslinging Chain 1 | . 1 . . 1 . Shots Hit Robots 145 | . 26 . 3 16 100 Core Hits 72 | . 13 . 2 12 45 Critical Hits 1 | . . . . 1 . Critical Kills . | . . . . . . Critical Parts Destroyed 1 | . . . . 1 . Melee Attacks 34 | . . . . . 34 Impact 34 | . . . . . 34 Slashing . | . . . . . . Piercing . | . . . . . . Sneak Attacks 1 | . . . . . 1 Combat Hostiles . | . . . . . . Follow-up Attacks 7 | . . . . . 7 Damage Inflicted 3404 | . 180 . 36 479 2709 Guns 1608 | . 180 . 36 196 1196 Cannons . | . . . . . . Explosions 1076 | . . . . 283 793 Melee 714 | . . . . . 714 Ramming 6 | . . . . . 6 Kinetic 483 | . 144 . 36 196 107 Thermal 206 | . 36 . . . 170 Explosive 906 | . . . . 283 623 Electromagnetic 1089 | . . . . . 1089 Impact 714 | . . . . . 714 Slashing . | . . . . . . Piercing . | . . . . . . Highest Corruption . | . . . . . . Average Corruption . | . . . . . . Corruption Purged . | . . . . . . Overload Shots . | . . . . . . Overflow Damage 104 | . . . . 3 101 Projectiles . | . . . . . . Explosions 35 | . . . . 3 32 Melee 69 | . . . . . 69 Knockbacks 1 | . . . . . 1 Impact 1 | . . . . . 1 Kinetic . | . . . . . . Secondary . | . . . . . . Self-Inflicted Damage 270 | . . . . 119 151 Shots 9 | . . . . 4 5 Rammed 2 | . . . . . 2 Targets Rammed 3 | . . . . . 3 Kicked . | . . . . . . Crushed 1 | . . . . . 1 Highest Temperature 187 | . 90 . . 43 187 Average Temperature 53 | . 44 . . 23 56 Received Heat Transfer 1218 | . . . . 147 1071 Siege Activations . | . . . . . . Robots Corrupted 4 | . . . . . 4 Combat Hostiles 3 | . . . . . 3 Parts Fried 13 | . . . . . 13 Impact Corruptions 3 | . . . . . 3 Robots Melted . | . . . . . . Combat Hostiles . | . . . . . . Parts Melted . | . . . . . . Heat Transferred 311 | . 111 . . . 200 Parts Sabotaged . | . . . . . . Parts Stolen . | . . . . . . Parts Stripped . | . . . . . . Power Chain Reactions 2 | . . . . . 2 Missiles Intercepted . | . . . . . . Alert | -11 -10 -10 -10 -9 -8 ------- Run | Scr Mat Min Exi Min Mat Peak Influence 363 | . 225 87 . 165 363 Initial 87 | . . 87 . . 64 Average 148 | . 88 87 . 81 180 Maximum Alert Level 1 | . 1 . . . 1 Low Security (%) 73 | 100 77 100 . 100 64 Level 1 26 | . 22 . . . 35 Level 2 . | . . . . . . Level 3 . | . . . . . . Level 4 . | . . . . . . Level 5 . | . . . . . . High Security . | . . . . . . Max Security . | . . . . . . Squads Dispatched 6 | . 1 . . . 5 Investigation 2 | . . . . . 2 Extermination . | . . . . . . Reinforcement 4 | . 1 . . . 3 Assault . | . . . . . . Garrison . | . . . . . . Intercept . | . . . . . . Construction Impeded 1 | . . . . . 1 Haulers Reinforced . | . . . . . . Stealth | -11 -10 -10 -10 -9 -8 --------- Run | Scr Mat Min Exi Min Mat Distress Signals 5 | . 1 . . . 4 Communications Jammed . | . . . . . . Distress Signals . | . . . . . . Times Spotted 62 | . 14 . . 7 41 Peak Tracking Total 10 | . 5 . . 4 10 Tactical Retreats 3 | . . . . 1 2 Traps | -11 -10 -10 -10 -9 -8 ------- Run | Scr Mat Min Exi Min Mat Traps Triggered 1 | . . . . . 1 Indirectly . | . . . . . . Trap Hack Attempts . | . . . . . . Triggered . | . . . . . . Disarmed . | . . . . . . Reprogrammed . | . . . . . . Reused . | . . . . . . Traps Extracted . | . . . . . . Installed . | . . . . . . Triggered . | . . . . . . Machines | -11 -10 -10 -10 -9 -8 ---------- Run | Scr Mat Min Exi Min Mat Machines Disabled 2 | . . . . . 2 Max in Single Turn 1 | . . . . . 1 Machines Sabotaged . | . . . . . . Garrisons Compromised . | . . . . . . Overloaded Fab Kills . | . . . . . . Fab Network Shutdowns . | . . . . . . Hacking | -11 -10 -10 -10 -9 -8 --------- Run | Scr Mat Min Exi Min Mat Machines Accessed 7 | . 1 . 2 . 4 Terminals 4 | . 1 . . . 3 Fabricators . | . . . . . . Repair Stations . | . . . . . . Recycling Units . | . . . . . . Scanalyzers 1 | . . . . . 1 Garrison Access . | . . . . . . Total Hacks 22 | . 1 . 6 . 15 Successful 17 | . 1 . 6 . 10 Failed 5 | . . . . . 5 Catastrophic . | . . . . . . Database Lockouts . | . . . . . . Manual 2 | . . . 2 . . Terminals 12 | . 1 . . . 11 Fabricators . | . . . . . . Repair Stations . | . . . . . . Recycling Units . | . . . . . . Scanalyzers 4 | . . . . . 4 Garrison Access . | . . . . . . Terminal Hacks 13 | . 1 . 6 . 6 Record 9 | . . . 6 . 3 Prototype ID Bank 1 | . 1 . . . . Unreport Threat 3 | . . . . . 3 Fabricator Hacks . | . . . . . . Repair Station Hacks . | . . . . . . Recycling Unit Hacks . | . . . . . . Scanalyzer 4 | . . . . . 4 Insert Component 2 | . . . . . 2 Analyze 2 | . . . . . 2 Garrison Access Hacks . | . . . . . . Unauthorized Hacks . | . . . . . . Terminals . | . . . . . . Fabricators . | . . . . . . Repair Stations . | . . . . . . Recycling Units . | . . . . . . Scanalyzers . | . . . . . . Garrison Access . | . . . . . . Data Cores Recovered . | . . . . . . Used . | . . . . . . Hacking Detections 3 | . . . . . 3 Full Trace Events 1 | . . . . . 1 Feedback Events . | . . . . . . Feedback Blocked . | . . . . . . Robot Schematics Acquired . | . . . . . . Robots Built . | . . . . . . Matter . | . . . . . . Time . | . . . . . . Total Robot Build Rating . | . . . . . . Part Schematics Acquired 2 | . . . . . 2 Parts Built . | . . . . . . Matter . | . . . . . . Time . | . . . . . . Total Part Build Rating . | . . . . . . Parts Repaired . | . . . . . . Time . | . . . . . . Parts Recycled . | . . . . . . Recycled Matter . | . . . . . . Retrieved Matter . | . . . . . . Retrieved Components . | . . . . . . Parts Scanalyzed 2 | . . . . . 2 Part Schematics Acquired 2 | . . . . . 2 Parts Damaged . | . . . . . . Bothacking | -11 -10 -10 -10 -9 -8 ------------ Run | Scr Mat Min Exi Min Mat Used RIF Installer . | . . . . . . Robots Hacked . | . . . . . . Non-combat . | . . . . . . Combat . | . . . . . . Robot Hacks Applied . | . . . . . . Relay Couplers Released . | . . . . . . Robots Rewired 4 | . . . 4 . . Allies Hacked . | . . . . . . Hacks Repelled . | . . . . . . Allies | -11 -10 -10 -10 -9 -8 -------- Run | Scr Mat Min Exi Min Mat Total Allies 4 | . . . 4 . . Largest Group 4 | . . . 4 . . Highest-Rated Group 58 | . . . 58 . . Highest-Rated Ally 21 | . . . 21 . . Total Orders . | . . . . . . Ally Attacks . | . . . . . . Total Damage . | . . . . . . Kills . | . . . . . . Allies Corrupted . | . . . . . . Allies Melted . | . . . . . . Intel | -11 -10 -10 -10 -9 -8 ------- Run | Scr Mat Min Exi Min Mat Robot Analysis Total . | . . . . . . Derelict Logs Recovered . | . . . . . . Drone Launches . | . . . . . . Drone Recoveries . | . . . . . . Exploration | -11 -10 -10 -10 -9 -8 ------------- Run | Scr Mat Min Exi Min Mat Turns Passed 2995 | 9 307 138 761 285 1495 Spaces Moved 2093 | 1 177 146 834 186 749 Core 7 | . . . . . 7 Treads 614 | . . . . . 614 Legs 259 | . . . . 184 75 Wheels 1213 | 1 177 146 834 2 53 Hover . | . . . . . . Flight . | . . . . . . Fastest Speed 50 | 90 80 80 80 80 50 Average Speed 110 | 90 87 80 80 123 152 Slowest Speed 160 | 90 100 80 80 150 160 Overloaded Moves . | . . . . . . Propulsion Burnouts . | . . . . . . Robots Hopped . | . . . . . . Cave-ins Triggered . | . . . . . . Exploration Rate (%) 38 | 2 39 22 93 31 44 Regions Visited 5 Branch Regions 3 Pre-discovered Areas . | . . . . . . Known Exits Taken . | . . . . . . Unknown Exits Taken 5 | 1 1 1 1 1 . Scrap Searched 2 | . . . . 2 . Spaces Dug . | . . . . . . Terrain Destroyed 61 | . . . . 27 34 Melee . | . . . . . . Projectile . | . . . . . . AOE 61 | . . . . 27 34 Terrain Rammed . | . . . . . . Walls Destroyed . | . . . . . . Machines Disabled . | . . . . . . Actions | -11 -10 -10 -10 -9 -8 --------- Run | Scr Mat Min Exi Min Mat Total 2576 | 12 289 168 921 219 967 Wait 161 | . 73 19 6 9 54 Move 2088 | . 176 145 833 185 749 Hop . | . . . . . . Pick Up 18 | . 1 1 2 . 14 Fast Attach 23 | . 2 . 3 2 16 Attach 6 | 4 . . . . 2 Detach 11 | 2 1 . 2 2 4 Swap 25 | . 9 . 1 4 11 Drop 50 | 6 5 3 1 3 32 Fire 94 | . 22 . 3 14 55 Melee 27 | . . . . . 27 Ram 1 | . . . . . 1 Kick . | . . . . . . Crush 2 | . . . . . 2 Escape Stasis . | . . . . . . Rewire 70 | . . . 70 . . Trap . | . . . . . . Miscellaneous . | . . . . . . Route ------- -11/Scrapyard -10/Materials -10/Mines -10/Exiles (discovered 2 exits: [*Min x2]) -9/Mines -8/Materials History --------- Turn | Location | Event 10 | -11/Scrapyard | Discovered new exit (range 0) 10 | -11/Scrapyard | Entered Materials 217 | -10/Materials | Discovered new exit (range 15) 301 | -10/Materials | Build established: Mutant 317 | -10/Materials | Entered Mines 342 | -10/Mines | YI-UF0 nonchalantly dropped a Grenade Launcher on the ground 407 | -10/Mines | Deemed a non-threat by the Exiles lab entrance 408 | -10/Mines | Discovered new exit (range 5) 455 | -10/Mines | Entered Exiles 455 | -10/Exiles | Found Exiles lab destroyed 699 | -10/Exiles | Discovered new exit (range 14) 971 | -10/Exiles | Build established: Commander-Mutant 1112 | -10/Exiles | Discovered new exit (range 14) 1216 | -10/Exiles | Entered Mines 1362 | -9/Mines | Excavation squad dispatched 1362 | -9/Mines | A large section of the Mines collapsed 1457 | -9/Mines | Core integrity fell below 50% 1486 | -9/Mines | Discovered new exit (range 11) 1501 | -9/Mines | Entered Materials 1501 | -8/Materials | Evolved 4 slots: Propulsion x3, Utility x1 2086 | -8/Materials | Build established: Mutant 2907 | -8/Materials | Build established: Scavenger-Mutant 2984 | -8/Materials | Core integrity fell below 50% 2994 | -8/Materials | Core integrity fell below 20% 2996 | -8/Materials | Destroyed by G-47 Trooper with Particle Gun Last Messages --------------- 02987_ Electrolysis Chamber disabled. 02987_ Grenade Launcher destroyed. 02988_ Mic. Nuclear Core destroyed. 02989_ Dropped Lightning Gun. 02989_ Dropped Hvy. Assault Rifle. 02990_ Dropped Mining Laser. 02990_ Dropped Maul. 02990_ R-06 Scavenger collects Lgt. Ion Engine. 02991_ Dropped Med. Storage Unit. 02991_ Dropped Maul. 02992_ Dropped Actuator Array. 02992_ U-05 Engineer builds a Wall. 02993_ Slammed into R-06 Scavenger. 02993_ U-05 Engineer lays Concrete. 02994_ Acquired 17 matter. 02994_ U-05 Engineer builds a Wall. 02995_ U-05 Engineer lays Concrete. 02996_ K-01 Serf collects debris. 02996_ U-05 Engineer builds a Wall. 02996_ Electrolysis Chamber disabled. Map ----- +----------------------------------------------------+ | [ +* #?# #??????????# #??# #????????? | | [%# #?# #??????????# #??# #????????? | | [[# #?# +??????????# #### #####????? | | [# [ #?# #??????????# # #????? | | ###########?# #??????????# ?????? | | #???????????# #??????????# # #??????? | | #???????????# #??????????##########/#?#??????? | | #???????????# #???????????# %#????????? | | #???????????# ############# T #????????? | | #???????????# # ! #????????? | | #???????????# % # % #????????? | | #???????????/ " o + """ """ #????????? | | #???????????# T # """ """ #????????? | | #???????????#### " # """ """ #????????? | | ###??????????????# u# % ! #????????? | | ?????????????????# ##/########????????? | | ?????????????????# s "" ## ##??????????????? | | ?????????????????# ! ## ###?????????????? | | ?????????????????# [= g # #?????????????? | | ?????????????????# *=%=g #u #?????????????? | | ?????????????????# % !% u #?????????????? | | ?????????????????# g=%%% ##????????????? | | ?????????????????# k """ ! !|*! #????????????? | | ?????????????????# """ /[[*#######????????? | | ?????????????????# g!/ ]#????????? | | ?????????? @ %=!# "" #????????? | | ?????????? ! """ # "" #????????? | | ?????????? """ """ br +?""" #????????? | | ????????????????" "" g #?? #????????? | | ????????????????" #??? !#????????? | | ??????????????????? g #???####????????? | | ?????????????????? u #???????????????? | | ????????????????? #???????????????? | | ???????????????? #???????????????? | | ????????????????? ###############???????????????? | | ????????????????? ???????????????????????????????? | | ?????????????????????????????????????????????????? | | ?????????????????????????????????????????????????? | | ?????????????????????????????????????????????????? | | ?????????????????????????????????????????????????? | | ?????????????????????????????????????????????????? | | ?????????????????????????????????????????????????? | | ?????????????????????????????????????????????????? | | ?????????????????????????????????????????????????? | | ?????????????????????????????????????????????????? | | ?????????????????????????????????????????????????? | | ?????????????????????????????????????????????????? | | ?????????????????????????????????????????????????? | | ?????????????????????????????????????????????????? | | ?????????????????????????????????????????????????? | +----------------------------------------------------+ Best States ------------- Heat Dissipation 31 Energy Generation 15 Energy Capacity 250 Matter Stores 300 Matter Capacity 300 Sight Range 16 Terrain Scan Density 10 Armor Coverage 225 Evasion (%) 44 Targeting Accuracy 16 Recoil Reduction 5 Salvage Targeting 4 Offensive Hacking 11 Defensive Hacking 10 Item Schematics ----------------- Actuator Array | -8/Materials | Scanalyzed System Shield | -8/Materials | Scanalyzed Robot Schematics ------------------ None Fabricated ------------ Nothing Alien Tech Used ----------------- None Achievements -------------- None Challenges ------------ None Game ------ Seed CompactFrostElectrolaser Manual? 0 Play Time 00:30:08 Cumulative 112.2 hours Start 2021.06.15 @ 21:49:44 End 2021.06.15 @ 22:19:56 Sessions 1 Manual Loads 0 Difficulty Rogue Special Mode None Game No. 21 Rogue 16 Adventurer 5 Explorer 0 Win Type - Total 0 Types 0/0/0/0/0/0/0/0/0 Lore% 28 Gallery% 47 Achievement% 33 Wizard Run 0 Options --------- ASCII 1 Keyboard 1 Movement Numpad Keybinds 0 Fullscreen 2 Font 24/Smallcaps Map View 76x50 Tactical HUD 1 Map Filters NONE Filters NONE Steam 1 RUN: f9475ac3-7924-4dd0-8cd7-76c5e0f85c1e